 Dungeon Crawl Stone Soup version 0.18-b1-22-ge198996 (webtiles) character file.

32 Chiseanne the Magician (level 3, -8/24 HPs)
             Began as a Demonspawn Wizard on May 4, 2016.
             Mangled by a worm (9 damage)
             ... on level 2 of the Dungeon.
             The game lasted 00:02:43 (1393 turns).

Chiseanne the Magician (Demonspawn Wizard)          Turns: 1393, Time: 00:02:44

Health: -8/24      AC:  5    Str:  7    XL:     3   Next: 8%
Magic:  0/8        EV: 12    Int: 20    God:
Gold:   59         SH:  0    Dex: 11    Spells: 4 memorised, 1 level left

rFire  . . .     SeeInvis .     k - +0 club
rCold  . . .     Gourm    .     o - +0 leather armour
rNeg   . . .     Faith    .     (no shield)
rPois  .         Spirit   .     s - +0 helmet
rElec  .         Dismiss  .     (no cloak)
rCorr  .         Reflect  .     f - +0 pair of gloves
SustAt .         Harm     .     (no boots)
MR     .....                    (no amulet)
Stlth  +.........               (no ring)
                                (no ring)

@: repel missiles, not resistant to hostile enchantments, very unstealthy
A: rot immunity, sturdy frame 1
a: no special abilities


You were on level 2 of the Dungeon.
You were very hungry.

You visited 1 branch of the dungeon, and saw 2 of its levels.

You collected 59 gold pieces.

Inventory:

Hand Weapons
 k - a +0 club (weapon)
Missiles
 e - 44 arrows
 p - 27 stones (quivered)
 q - 19 bolts
Armour
 f - a +0 pair of gloves (worn)
 o - a +0 leather armour (worn)
 s - a +0 helmet (worn)
Jewellery
 l - an uncursed ring of magical power {unknown}
Scrolls
 g - 4 scrolls of identify {unknown}
 i - 2 scrolls of teleportation {unknown}
Potions
 a - a potion of ambrosia {unknown}
 j - a potion of curing
 m - a potion of flight {unknown}
 n - 3 potions of lignification {unknown}
Books
 c - a book of Minor Magic

   Spells                             Type                      Level
   a - Magic Dart                     Conjuration                  1
   b - Blink                          Translocation                2
   c - Call Imp                       Summoning                    2
   d - Repel Missiles                 Charms/Air                   2
   e - Slow                           Hexes                        2
   f - Conjure Flame                  Conjuration/Fire             3
   g - Mephitic Cloud                 Conjuration/Poison/Air       3
Comestibles
 d - a bread ration
 h - a slice of pizza
 r - a meat ration


   Skills:
 * Level 0.3 Armour
 - Level 1.7 Dodging
 - Level 1.7 Stealth
 * Level 3.5 Spellcasting
 * Level 2.2 Conjurations
   Level 1.0 Summonings
 - Level 0.8 Translocations


You had one spell level left.
You knew the following spells:

 Your Spells              Type           Power        Failure   Level  Hunger
a - Magic Dart            Conj           ##..         8%          1    None
b - Blink                 Tloc           N/A          17%         2    ##.....
c - Repel Missiles        Chrm/Air       #.....       24%         2    ##.....
d - Mephitic Cloud        Conj/Pois/Air  #.......     34%         3    ###....


Dungeon Overview and Level Annotations

Branches:
Dungeon (2/15)

Altars:


Innate Abilities, Weirdness & Mutations

You are immune to rotting.
Your movements are slightly less encumbered by armour (ER -2).


Message History

The worm bites you but does no damage.
You hit the worm.
The worm is severely wounded.
The worm closely misses you.
Your magical contamination has completely faded away.
You hit the worm.
The worm is severely wounded.
You hit the worm.
The worm is almost dead.
The worm bites you!
* * * LOW HITPOINT WARNING * * *
Casting: Magic Dart
Confirm with . or Enter, or press ? or * to list all spells.
Aiming: Magic Dart
Press: ? - help, Shift-Dir - straight line, f/p - worm
Aim: a worm (almost dead)
The magic dart hits the worm.
The worm is almost dead.
The worm bites you!
You die...

##.# #.###.....##.####....#..#
#..# ##.# ##.#####...##..#....#
#.####..###...[......##...#...#
#......###...######............
##<.#######.#.# ####........#
.......##...#.# #.#.......
.......##.###.### #.##..##.#
....<..#..# #...### #......#..
.........## ###.@.#####.# ##...
........## ###w#..?..# ###.
####...## #.#.....# #.###
#.#.....# #.# #(#.....## ###.#
#....%.... #...# ###.....##
##### .....# .....#


You could see a worm.

Vanquished Creatures
  A dart slug (D:1)
  3 giant geckos
  2 bats (D:1)
  6 goblins (D:1)
  4 hobgoblins (D:1)
  4 kobolds (D:1)
  4 rats
24 creatures vanquished.

Notes
Turn   | Place    | Note
--------------------------------------------------------------
     0 | D:1      | Chiseanne the Demonspawn Wizard began the quest for the Orb.
     0 | D:1      | Reached XP level 1. HP: 13/13 MP: 4/4
   244 | D:1      | Gained mutation: Your movements are slightly less encumbered by armour (ER -2). [demonic ancestry]
   244 | D:1      | Reached XP level 2. HP: 13/19 MP: 1/6
  1014 | D:1      | Gained mutation: You are immune to rotting. [demonic ancestry]
  1014 | D:1      | Reached XP level 3. HP: 24/24 MP: 2/8
  1132 | D:2      | Learned a level 2 spell: Blink
  1135 | D:2      | Learned a level 2 spell: Repel Missiles
  1139 | D:2      | Learned a level 3 spell: Mephitic Cloud
  1392 | D:2      | HP: 1/24 [worm (7)]
  1393 | D:2      | Mangled by a worm

Skill      XL: |  1  2 |
---------------+-------+-----
Conjurations   | 2 |  2.2
Armour         | |  0.3
Dodging        | |  1.7
Stealth        | |  1.7
Spellcasting   | |  3.5
Summonings     | |  1.0
Translocations | |  0.8

Action                   || total
-------------------------++-------
Melee: Club              ||    26
Throw: Stone             ||     1
 Cast: Magic Dart        ||    68
       Repel Missiles    ||     1
Armor: Robe              ||     8
       Leather armour    ||     2
Dodge: Dodged            ||    14
